 Dungeon Crawl Stone Soup version 0.28-a0-843-gb979743d38 (webtiles) character file.

Game seed: 14371822077885337388

11007 Iepvzaeh the Protected (level 11, -1/99 HPs)
             Began as a Minotaur Fighter on Nov 12, 2021.
             Was a High Priest of Okawaru.
             Slain by a demonic crawler simulacrum (24 damage)
             ... in an ice cave.
             The game lasted 00:29:49 (13552 turns).

Iepvzaeh the Protected (Minotaur Fighter)          Turns: 13552, Time: 00:29:50

Health: -1/99      AC: 17    Str: 30    XL:     11   Next: 43%
Magic:  10/10      EV:  8    Int:  5    God:    Okawaru [*****.]
Gold:   520        SH:  5    Dex: 10    Spells: 10/10 levels left

rFire   + . .      SeeInvis .   a - +3 hand axe (freeze)
rCold   . . .      Faith    .   c - +0 buckler
rNeg    . . .      Spirit   .   m - +0 plate armour
rPois   .          Reflect  .   (helmet restricted)
rElec   .          Harm     .   (no cloak)
rCorr   .          Rampage  .   (no gloves)
Will    .....                   t - +1 pair of boots
Stlth   ..........              (no amulet)
HPRegen 0.26/turn               r - +6 ring of strength
MPRegen 0.12/turn               w - ring of protection from fire

@: no status effects
A: horns 2, retaliatory headbutt
a: Renounce Religion, Heroism, Finesse, Duel


You were in an ice cave.
You worshipped Okawaru.
Okawaru was extremely pleased with you.
You visited 2 branches of the dungeon, and saw 12 of its levels.
You also visited: Ice Cave.

You collected 520 gold pieces.

Inventory:

Hand Weapons
 a - a +3 hand axe of freezing (weapon)
 b - a +0 hand crossbow
 A - a +0 hand axe of holy wrath
 N - a +4 flail
 P - a +4 scimitar
 S - a +0 shortbow
 Y - a +2 vorpal hunting sling
Missiles
 k - 20 bolts
 x - 128 arrows
 J - a throwing net
 T - 27 sling bullets
 X - 13 curare-tipped darts
Armour
 c - a +0 buckler (worn)
 m - a +0 plate armour (worn)
 t - a +1 pair of boots (worn)
Jewellery
 r - a +6 ring of strength (left hand)
 w - a ring of protection from fire (right hand)
 E - a ring of fire
 G - a ring of fire
 O - a ring of protection from fire
 R - an amulet of the acrobat
 Z - a +6 ring of intelligence
Wands
 p - a wand of acid (2)
 z - a wand of iceblast (7)
 H - a wand of paralysis (8)
 M - a wand of mindburst (12)
 Q - a wand of flame (13) (quivered)
Scrolls
 e - 4 scrolls of teleportation {unknown}
 g - 4 scrolls of magic mapping
 h - a scroll of holy word {unknown}
 i - a scroll of fog {unknown}
 j - 2 scrolls of enchant weapon {unknown}
 l - 11 scrolls of identify
 q - a scroll of silence {unknown}
 v - 3 scrolls of enchant armour
 y - a scroll of brand weapon {unknown}
 C - a scroll of amnesia {unknown}
 I - a scroll of vulnerability {unknown}
 U - 2 scrolls of noise {unknown}
 V - 2 scrolls of immolation {unknown}
 W - a scroll of acquirement {unknown}
Potions
 d - 2 potions of might
 f - a potion of heal wounds {unknown}
 n - 3 potions of curing
 o - a potion of resistance {unknown}
 s - a potion of cancellation {unknown}
 u - 2 potions of mutation {unknown}
 B - a potion of haste {unknown}
 D - 5 potions of degeneration {unknown}
 F - a potion of magic {unknown}
 K - 2 potions of flight {unknown}
 L - a potion of brilliance {unknown}


   Skills:
 * Level 10.0 Fighting
 + Level 11.0(12.0) Axes
 - Level 7.6(10.4) Maces & Flails
 - Level 3.8 Slings
 + Level 3.1 Crossbows
 + Level 11.9 Armour
 + Level 1.1 Dodging
 + Level 1.0 Stealth
 + Level 6.8 Shields
 + Level 2.6 Evocations


You had 10 spell levels left.
You didn't know any spells.
Your spell library contained the following spells:

 Spells                   Type           Power      Damage    Failure   Level
 Ensorcelled Hibernation  Hex/Ice        0%         N/A       99%         2
 Wereblood                Tmut           0%         N/A       99%         2
 Conjure Flame            Conj/Fire      0%         6-21      100%        3
 Gell's Gravitas          Tloc           0%         N/A       100%        3
 Ignite Poison            Fire/Tmut/Pois 0%         N/A       100%        3
 Ozocubu's Armour         Ice            0%         N/A       100%        3
 Teleport Other           Tloc           0%         N/A       100%        3
 Leda's Liquefaction      Hex/Erth       0%         N/A       100%        4
 Olgreb's Toxic Radiance  Pois           0%         N/A       100%        4
 Sticky Flame             Conj/Fire      0%         2d3       100%        4
 Blade Hands              Tmut           0%         N/A       100%        5
 Freezing Cloud           Conj/Ice/Air   0%         6-21      100%        5
 Irradiate                Conj/Tmut      0%         3d14      100%        5
 Lee's Rapid Deconstruct  Erth           0%         3d5*      100%        5
 Dispersal                Tloc           0%         N/A       100%        6
 Statue Form              Tmut/Erth      0%         N/A       100%        6
 Dragon Form              Tmut           0%         N/A       100%        7
 Ozocubu's Refrigeration  Ice            0%         4d5       100%        7
 Ignition                 Fire           0%         3d3       100%        8
 Tukima's Dance           Hex            Unusable   N/A       N/A         3
 Summon Lightning Spire   Summ/Air       Unusable   N/A       N/A         4

Dungeon Overview and Level Annotations

Branches:
Dungeon (11/15)            Temple (1/1) D:7            Lair (0/6) D:10
  IceCv (1/1)
    Orc: D:9-12

Altars:
Ashenzari
Cheibriados
Dithmenos
Elyvilon
Fedhas
Gozag
Hepliaklqana
Kikubaaqudgha
Makhleb
Nemelex Xobeh
Okawaru
Qazlal
Ru
Sif Muna
Trog
Uskayaw
Vehumet
Wu Jian
Xom
Yredelemnul
Zin
The Shining One
Jiyva

Shops:
D:3 [   D:4 (   D:6 *   D:11 [

Portals:
Abyss: D:9

Annotations:
D:4 3 runed translucent doors, Stonecrops's ghost, novice DsBe
D:7 2 transporters, benitares's ghost, novice DrTm
D:9 2 transporters, BinkBink's ghost, novice SpCj


Innate Abilities, Weirdness & Mutations

You have a pair of horns on your head.
You reflexively headbutt those who attack you in melee.


Message History

The ugly thing simulacrum is lightly damaged.
The ugly thing simulacrum hits you but does no damage.
You slash the ugly thing simulacrum! You headbutt the ugly thing simulacrum.
The ugly thing simulacrum is severely damaged.
You hit the ugly thing simulacrum but do no damage.
You headbutt the ugly thing simulacrum.
The ugly thing simulacrum is severely damaged.
The ugly thing simulacrum barely misses you.
You furiously retaliate!
You headbutt the ugly thing simulacrum!
The ugly thing simulacrum vaporises!
Okawaru accepts your kill.
Your base Axes skill increases to level 11!
A demonic crawler simulacrum comes into view.
The demonic crawler simulacrum hits you but does no damage.
The demonic crawler simulacrum hits you.
The demonic crawler simulacrum freezes you!!
You block the demonic crawler simulacrum's attack.
You slash the demonic crawler simulacrum!
The demonic crawler simulacrum is moderately damaged.
You hit the demonic crawler simulacrum but do no damage.
The demonic crawler simulacrum is moderately damaged.
The demonic crawler simulacrum completely misses you.
The demonic crawler simulacrum hits you.
The demonic crawler simulacrum freezes you!
The demonic crawler simulacrum hits you but does no damage.
You slash the demonic crawler simulacrum!
You headbutt the demonic crawler simulacrum, but do no damage.
The demonic crawler simulacrum is severely damaged.
The demonic crawler simulacrum hits you but does no damage. x2
You block the demonic crawler simulacrum's attack.
You hit the demonic crawler simulacrum.
You headbutt the demonic crawler simulacrum, but do no damage.
The demonic crawler simulacrum is almost destroyed.
The demonic crawler simulacrum hits you.
The demonic crawler simulacrum freezes you!!
* * * LOW HITPOINT WARNING * * *
The demonic crawler simulacrum hits you.
* * * LOW HITPOINT WARNING * * *
The demonic crawler simulacrum freezes you!!
You die...

##### ##.∩.##
#..∩..# ##...##
##.## ##.##
#@.Z#
#..Z......#
#.....#####....
....## ###..
.## #


You could see 2 demonic crawler simulacra.

Vanquished Creatures
  3 death yaks (D:9)
  The ghost of Ijustatesigmund the Skirmisher, a novice GrAr of Cheibriados (D:8)
  A wizard (D:9)
  A manticore (D:11)
  Joseph (D:7)
  A kobold demonologist (D:8)
  A troll (D:9)
  3 slime creatures (D:8)
  Grinder (D:4)
  A shadow (D:6)
  A wraith (D:9)
  14 yaks
  An acid dragon (D:11)
  4 orc warriors
  A black bear (D:7)
  A necrophage (D:4)
  An ugly thing simulacrum (IceCv)
  2 centaurs
  A phantom (D:5)
  3 kobold brigands
  3 bullfrogs
  3 gnoll sergeants
  2 scorpions (D:6)
  3 killer bees (D:7)
  5 wights (D:7)
  2 howler monkeys
  4 centaur zombies
  A crimson imp (D:9)
  A hound (D:2)
  2 jellies (D:8)
  A centaur skeleton (D:7)
  6 orc priests
  A bullfrog skeleton (D:6)
  2 gnoll shamans
  2 iguanas
  Natasha (twice) (D:2)
  11 orc wizards
  2 hell rats (D:10)
  A hound skeleton (D:5)
  Robin (D:3)
  22 gnolls
  8 adders
  3 river rats (D:10)
  A shadow imp (D:8)
  12 white imps (D:11)
  An ufetubus (D:7)
  An adder zombie (D:1)
  4 worms
  3 dart slugs (D:4)
  30 orcs
  11 endoplasms
  6 giant cockroaches
  10 goblins
  12 hobgoblins
  7 jackals (D:3)
  6 quokkas
  6 ball pythons
  A bat (D:1)
  5 frilled lizards
  17 kobolds
  A quokka zombie (D:1)
  4 rats
269 creatures vanquished.

Notes
Turn   | Place    | Note
-------+----------+-------------------------------------------
     0 | D:1      | Iepvzaeh the Minotaur Fighter began the quest for the Orb.
     0 | D:1      | Reached XP level 1. HP: 19/19 MP: 0/0
   149 | D:1      | Reached XP level 2. HP: 27/27 MP: 1/1
   807 | D:1      | Reached XP level 3. HP: 33/33 MP: 2/2
  1190 | D:2      | You fall into a shaft and drop 1 floor!
  1192 | D:3      | Noticed Robin
  1200 | D:3      | Killed Robin
  1589 | D:2      | Reached XP level 4. HP: 41/41 MP: 3/3
  1765 | D:2      | Noticed Natasha
  1782 | D:2      | Killed Natasha
  2193 | D:3      | Found Kiwew's Antique Armour Shop.
  2209 | D:2      | Reached XP level 5. HP: 18/47 MP: 4/4
  2328 | D:2      | Noticed Natasha
  2340 | D:2      | Killed Natasha
  2989 | D:3      | Reached skill level 5 in Axes
  3060 | D:3      | Found a faded altar of an unknown god.
  3060 | D:3      | Found a stormy altar of Qazlal.
  3068 | D:3      | Found a faded altar of an unknown god.
  3070 | D:3      | Found a white marble altar of Elyvilon.
  3072 | D:3      | Found a sparkling altar of Nemelex Xobeh.
  3286 | D:4      | Noticed a necrophage
  3293 | D:4      | Killed a necrophage
  3294 | D:4      | Reached skill level 5 in Armour
  3294 | D:4      | Reached XP level 6. HP: 51/55 MP: 5/5
  3326 | D:4      | Noticed Grinder
  3330 | D:4      | Paralysed by Grinder for 3 turns
  3352 | D:4      | Found a sacrificial altar of Ru.
  3376 | D:4      | Reached skill level 5 in Fighting
  3382 | D:4      | Paralysed by Grinder for 2 turns
  3390 | D:4      | Killed Grinder
  3391 | D:4      | Reached XP level 7. HP: 50/61 MP: 6/6
  3495 | D:4      | Found a runed translucent gate.
  3496 | D:4      | Found a runed translucent gate.
  3496 | D:4      | Noticed Stonecrops's ghost (novice DsBe)
  3502 | D:4      | Found a runed translucent gate.
  3601 | D:4      | Found Ewiva's Weapon Emporium.
  3987 | D:5      | Entered Level 5 of the Dungeon
  5386 | D:6      | Noticed a shadow
  5394 | D:6      | Killed a shadow
  5460 | D:6      | Reached XP level 8. HP: 62/70 MP: 7/7
  5562 | D:6      | Found Roosug Vua's Assorted Antiques.
  6579 | D:6      | Reached skill level 5 in Maces & Flails
  6600 | D:6      | Reached skill level 5 in Shields
  6614 | D:7      | Found a transporter.
  6614 | D:7      | Noticed benitares's ghost (novice DrTm)
  6921 | D:7      | Reached XP level 9. HP: 56/78 MP: 8/8
  7050 | D:7      | Found a transporter.
  7322 | D:7      | Found a blossoming altar of Fedhas.
  7322 | D:7      | Found an ancient bone altar of Kikubaaqudgha.
  7335 | D:7      | Found a staircase to the Ecumenical Temple.
  7362 | Temple   | Entered the Ecumenical Temple
  7424 | Temple   | Became a worshipper of Warmaster Okawaru
  7474 | D:7      | Got the Collected Works on Unstable Weightlessness
  7760 | D:7      | Reached skill level 10 in Armour
  8064 | D:7      | Noticed Joseph
  8075 | D:7      | Killed Joseph
  8075 | D:7      | Reached * piety under Okawaru
  8076 | D:7      | Reached skill level 1 in Stealth
  8512 | D:7      | Found a glowing golden altar of the Shining One.
  8663 | D:8      | Reached skill level 1 in Evocations
  8744 | D:8      | Reached skill level 1 in Slings
  9252 | D:8      | Reached XP level 10. HP: 67/86 MP: 9/9
  9256 | D:8      | Reached ** piety under Okawaru
  9472 | D:8      | Found a runed translucent gate.
  9473 | D:8      | Found a runed translucent gate.
  9475 | D:8      | Found a runed translucent gate.
  9475 | D:8      | Noticed Ijustatesigmund's ghost (novice GrAr)
  9488 | D:8      | Found a viscous altar of Jiyva.
  9634 | D:8      | Found a burning altar of Makhleb.
  9899 | D:8      | Killed Ijustatesigmund's ghost
  9913 | D:8      | Reached *** piety under Okawaru
  9914 | D:8      | Reached skill level 1 in Dodging
 10317 | D:9      | Reached skill level 10 in Axes
 10407 | D:9      | Found a shimmering blue altar of Sif Muna.
 10569 | D:9      | Noticed a toenail golem
 10590 | D:9      | Found a transporter.
 10598 | D:9      | Noticed a toenail golem
 10598 | D:9      | Noticed a wretched star
 10598 | D:9      | Noticed a black mamba
 10785 | D:9      | Found a bloodstained altar of Trog.
 10907 | D:9      | Found a transporter.
 10917 | D:9      | Noticed BinkBink's ghost (novice SpCj)
 10917 | D:9      | Noticed a worldbinder
 10928 | D:9      | Found a one-way gate to the infinite horrors of the Abyss.
 11163 | D:9      | Reached skill level 1 in Crossbows
 11170 | D:9      | Reached **** piety under Okawaru
 11249 | D:9      | Noticed a wizard
 11258 | D:9      | Killed a wizard
 11355 | D:10     | Entered Level 10 of the Dungeon
 11427 | D:10     | Reached XP level 11. HP: 57/97 MP: 10/10
 11670 | D:10     | Found an opulent altar of Gozag.
 11767 | D:10     | Noticed a death yak
 11882 | D:10     | Noticed a death yak
 11884 | D:10     | Noticed a death yak
 11890 | D:9      | Found a basalt altar of Yredelemnul.
 11934 | D:9      | Killed a death yak
 12339 | D:9      | Killed a death yak
 12507 | D:9      | Killed a death yak
 12817 | D:10     | Found a staircase to the Lair.
 13118 | D:11     | Found Ataorasm's Armour Shoppe.
 13248 | D:11     | Reached ***** piety under Okawaru
 13249 | D:11     | Reached skill level 10 in Fighting
 13498 | D:11     | Found a frozen archway.
 13540 | IceCv    | Entered an ice cave
 13552 | IceCv    | Slain by a demonic crawler simulacrum

Illustrated notes

Levels and vault maps discovered:
D:1:      saegor_arrival_fortress, layout_loops_ring, hangedman_decor_riveting
D:2:      layout_basic, uniq_natasha
D:3:      layout_rooms, chequers_temple_overflow_minitemple, serial_shops,
          shop_fountains, grunt_decor_clamped, chequers_serial_rivers_micro_b,
          interstate_on_off, uniq_robin
D:4:      layout_gridville, old_standard_altar, gammafunk_ghost_split,
          serial_shops, nicolae_shop_crystal, minmay_misc_feat_roman,
          grunt_ministairs_5, serial_bayou_crossing, uniq_grinder
D:5:      layout_cave_pods
D:6:      layout_rooms, serial_shops, nicolae_shop_statue_plus,
          minmay_door_square
D:7:      layout_loops_ring, grunt_temple_overflow_growth_and_decay,
          nicolae_tso_swordbearing_angel, minmay_temple_entry_wispy,
          gammafunk_ghost_arena, uniq_joseph
D:8:      layout_loops_cross, bloody_makhleb, gammafunk_ghost_ooze
D:9:      layout_irregular_city, mainiacjoe_overflow_chevrons,
          nicolae_overflow_hidden_temple, gammafunk_ghost_abyssal_escape,
          lightli_wizard_tower
D:10:     layout_loops_ring, mainiacjoe_overflow_small_starburst,
          dpeg_lair_monsters
D:11:     layout_stronghold, serial_shops, shop, nicolae_stop_n_shop_1,
          nicolae_lakefront_shop, nicolae_shop_temple_entry_statues_fountains,
          portal_ice_cave_entry_imps, uniq_psyche
Temple:   cyrus_temple_forest
IceCv:    ice_cave_hellmonk_azure_passage

Skill      XL: |  1  2  3  4  5  6  7  8  9 10 11 |
---------------+----------------------------------+-----
Fighting       | 4 5 6 7 9 10 | 10.0
Armour         | 4 5 6 8 9 10 11 | 11.9
Axes           | 3 4 5 6 7 10 11 | 11.0
Shields        | 4 5 6 |  6.8
Maces & Flails | 2 6 7 |  7.6
Stealth        | 1 |  1.0
Evocations     | 1 2 |  2.6
Slings         | 2 3 |  3.8
Dodging        | 1 |  1.1
Crossbows      | 2 3 |  3.1

Action                   |  1- 3 |  4- 6 |  7- 9 | 10-12 || total
-------------------------+-------+-------+-------+-------++-------
Melee: War axe           |    93 |   126 |    18 |       ||   237
       Headbutt          |    14 |    21 |    48 |    89 ||   172
       Flail             |       |       |   173 |       ||   173
       Hand axe          |       |       |    45 |   279 ||   324
 Fire: Hunting sling     |       |       |    43 |     6 ||    49
       Hand crossbow     |       |       |       |    19 ||    19
Throw: Throwing net      |       |       |     2 |     1 ||     3
Invok: Heroism           |       |       |       |     2 ||     2
Evoke: Wand              |       |       |     5 |    30 ||    35
  Use: Scroll            |       |       |     1 |     2 ||     3
Armor: Scale mail        |    43 |       |       |       ||    43
       Plate armour      |     5 |   101 |   152 |   117 ||   375
Dodge: Dodged            |    38 |    35 |    92 |    61 ||   226
Block: Buckler           |    25 |    24 |    66 |    40 ||   155

Table legend: (Time is in decaauts)
 A = Elapsed time spent in this place.
 B = Non-inter-level travel time spent in this place.
 C = Inter-level travel time spent in this place.
 D = Time resting spent in this place.
 E = Time spent auto-exploring this place.
 F = Levels seen in this place.
 G = Mean time per level.
                   A        B        C        D        E       F      G
               +--------+--------+--------+--------+--------+-----+--------+
         Total |  13585 |  12947 |    638 |   2802 |   7988 |  13 | 1045.0 |
       Dungeon |  13471 |  12873 |    598 |   2802 |   7937 |  11 | 1224.6 |
        Temple |    103 |     63 |     40 |      0 |     51 |   1 |  103.0 |
      Ice Cave |     10 |     10 |      0 |      0 |      0 |   1 |   10.0 |
               +--------+--------+--------+--------+--------+-----+--------+

Top non-repeatable levels by time:
     D:7: 1990 daAuts
     D:9: 1958 daAuts
     D:8: 1656 daAuts
     D:4: 1264 daAuts
     D:2: 1206 daAuts
     D:6: 1192 daAuts
     D:1: 1167 daAuts
     D:5: 916 daAuts
     D:3: 866 daAuts
    D:10: 843 daAuts
    D:11: 409 daAuts
  Temple: 103 daAuts
   IceCv: 10 daAuts
